Map: Polka LE

Players

asPredicted - Winner!

  • Race: Protoss Protoss
  • League: Platinum
  • Spawn Location: 5:00

Moe - Winner!

  • Race: Zerg Zerg
  • League: Diamond
  • Spawn Location: 5:00

qqq

  • Race: Protoss Protoss
  • League: Platinum
  • Spawn Location: 11:00

Massa

  • Race: Terran Terran
  • League: Platinum
  • Spawn Location: 11:00

VOD

Have the link to the VOD?

Description

Time

  • Played on: Jan. 23, 2021, 12:20 p.m.
  • Length: 6:42
Show
View Real Time Build Order
Export as new Build Order

asPredicted Protoss - Winner!

Build Orders:  

Get SALT Encoding   

  12  0:00  Probe  
  13  0:12  Probe  
  14  0:24  Probe  
  15  0:43  Assimilator  
  15  0:45  Pylon  
  15  0:48  Assimilator  
  15  1:03  Probe, Gateway  
  16  1:15  Probe  
  17  1:23  Pylon  
  17  1:27  Probe  
  17  1:31  Gateway  
  18  1:39  Probe  
  19  1:57  Gateway  
  19  1:58  Gateway  
  19  2:00  Gateway  
  19  2:06  Gateway  
  19  2:15  Probe  
  20  2:32  Pylon  
  24  2:51  Zealot (Chrono Boost)  
  24  2:53  Zealot (Chrono Boost)  
  24  2:58  Zealot (Chrono Boost)  
  28  2:59  Zealot (Chrono Boost)  
  28  3:04  Cybernetics Core  
  28  3:22  Probe  
  29  3:41  Stargate  
  29  3:42  Stargate  
  29  3:45  Stargate  
  29  3:48  Probe  
  30  4:00  Probe  
  31  4:30  Pylon  
  31  4:44  Pylon  
  31  4:46  Pylon, Void Ray (Chrono Boost)  
  31  4:48  Probe  
  36  5:03  Void Ray x2 (Chrono Boost)  
  44  5:09  Shield Battery  
  44  5:31  Oracle (Chrono Boost)  
  44  5:33  Oracle (Chrono Boost)  
  45  5:47  Void Ray  
Show
View Real Time Build Order
Export as new Build Order

Moe Zerg - Winner!

Build Orders: Pool First 

Get SALT Encoding   

  12  0:00  Drone  
  13  0:12  Overlord  
  13  0:31  Spawning Pool  
  13  0:33  Drone  
  13  0:37  Drone  
  13  0:41  Drone  
  15  0:47  Extractor  
  15  0:49  Drone  
  15  0:55  Drone  
  16  1:06  Drone  
  17  1:23  Zergling x2  
  18  1:26  Hatchery  
  18  1:37  Zergling x2  
  18  1:38  Zergling x2  
  18  1:39  Queen  
  22  1:53  Overlord  
  22  2:06  Metabolic Boost  
  22  2:10  Hatchery  
  22  2:11  Zergling x2  
  22  2:16  Zergling x2  
  23  2:26  Zergling x2  
  24  2:32  Zergling x2  
  25  2:43  Drone  
  25  2:52  Drone  
  26  2:59  Hatchery  
  25  3:07  Roach Warren  
  24  3:14  Drone x2  
  24  3:16  Drone  
  27  3:46  Extractor  
  27  3:48  Roach x3  
  30  3:49  Roach x2  
  30  3:51  Overlord  
  36  3:59  Baneling Nest  
  35  4:08  Drone  
  35  4:09  Ravager  
  37  4:17  Drone  
  37  4:18  Drone  
  39  4:28  Ravager  
  40  4:32  Queen  
  42  4:49  Ravager  
  43  4:54  Ravager  
  43  4:57  Drone x4  
  43  4:58  Drone x2  
  50  5:01  Overlord  
  47  5:23  Lair, Spore Crawler  
  40  5:49  Ravager  
  41  5:55  Spore Crawler  
  40  5:57  Drone x2  
  42  6:24  Drone x8  
  51  6:36  Spore Crawler  
Show
View Real Time Build Order
Export as new Build Order

qqq Protoss 

Build Orders:  

Get SALT Encoding   

  12  0:00  Probe  
  13  0:17  Pylon  
  13  0:19  Probe  
  14  0:32  Probe  
  15  0:37  Forge  
  15  0:49  Probe  
  16  0:59  Pylon  
  16  1:01  Probe  
  17  1:13  Probe  
  18  1:25  Photon Cannon  
  18  1:30  Pylon  
  18  1:31  Pylon  
  18  1:38  Pylon  
  18  1:59  Photon Cannon  
  18  2:11  Photon Cannon  
  18  2:13  Probe  
  19  2:16  Assimilator  
  19  2:20  Gateway  
  19  2:28  Photon Cannon  
  19  2:32  Pylon  
  19  2:35  Probe  
  20  2:43  Assimilator  
  20  2:47  Probe  
  21  2:54  Photon Cannon  
  21  3:03  Probe  
  22  3:15  Probe  
  23  3:23  Pylon  
  23  3:27  Probe  
  23  3:30  Cybernetics Core  
  24  3:39  Probe  
  24  3:51  Probe, Zealot  
  27  4:11  Probe  
  27  4:16  Stargate  
  28  4:19  Nexus  
  28  4:38  Stargate  
  28  4:40  Pylon  
  26  4:56  Void Ray (Chrono Boost)  
  30  5:08  Probe  
  30  5:19  Void Ray (Chrono Boost)  
  30  5:20  Probe  
  35  5:32  Probe  
  35  5:33  Probe  
  41  5:45  Probe  
  38  5:50  Photon Cannon  
  38  5:53  Pylon  
  38  5:55  Photon Cannon  
  39  5:57  Probe  
  39  6:09  Probe  
  39  6:10  Pylon  
  40  6:12  Pylon  
  40  6:16  Pylon  
Show
View Real Time Build Order
Export as new Build Order

Massa Terran 

Build Orders: Banshee Rush 

Get SALT Encoding   

  12  0:01  SCV  
  13  0:13  SCV  
  14  0:25  SCV  
  14  0:26  Supply Depot  
  15  0:48  SCV  
  16  0:50  Barracks  
  16  0:53  Refinery  
  16  0:57  Refinery  
  16  1:00  SCV  
  17  1:12  SCV  
  18  1:26  SCV  
  19  1:37  Supply Depot  
  19  1:38  SCV  
  19  1:39  Marine  
  21  1:50  Factory  
  21  1:58  Orbital Command  
  21  2:13  Command Center  
  21  2:20  Marine  
  22  2:24  SCV  
  23  2:34  Starport  
  23  2:46  Factory Tech Lab  
  23  2:47  Starport  
  23  2:54  SCV  
  23  2:55  Barracks Tech Lab  
  24  3:17  Factory Tech Lab, SCV  
  25  3:20  Banshee  
  28  3:28  Cloaking Field  
  28  3:48  Refinery, Orbital Command, SCV  
  28  3:49  Refinery  
  28  3:51  Banshee  
  32  4:01  SCV  
  33  4:04  Banshee  
  36  4:13  SCV, Marine  
  38  4:25  SCV  
  38  4:27  SCV  
  38  4:31  Marine  
  41  4:34  Banshee  
  41  4:37  SCV  
  45  4:39  SCV  
  46  4:48  Supply Depot  
  46  4:51  Supply Depot  
  46  5:09  Banshee, Siege Tank  
  52  5:17  Banshee  
  55  5:48  Marine  
  55  5:49  Cyclone  
  59  5:52  Banshee  
  61  6:05  Marine  
  61  6:07  Supply Depot  
  61  6:08  Supply Depot  
  61  6:10  Engineering Bay  
  62  6:29  SCV x2  
  62  6:32  Supply Depot  
Tags
 
Add a new tag
Caveats
  • Supply blocks, unpowered buildings, or Contaminate may cause inaccurate times.
  • Supply counts are checked every 10 seconds.